 Dungeon Crawl Stone Soup version 0.22-a0-303-g4a852b3 (webtiles) character file.

2226 Amnesiac the Zephyrmancer (level 9, -4/48 HPs)
             Began as a Tengu Air Elementalist on Mar 27, 2018.
             Was a Believer of Sif Muna.
             Slain by Joseph
             ... wielding a +0 quarterstaff
              (17 damage)
             ... on level 8 of the Dungeon.
             The game lasted 00:10:30 (5630 turns).

Amnesiac the Zephyrmancer (Tengu Air Elementalist)  Turns: 5630, Time: 00:10:31

Health: -4/48      AC:  7    Str: 11    XL:     9   Next: 36%
Magic:  4/22       EV: 16    Int: 21    God:    Sif Muna [**....]
Gold:   313        SH:  0    Dex: 10    Spells: 17/24 levels left

rFire    . . .     SeeInvis .   g - +1 dagger (venom)
rCold    . . .     Gourm    .   u - +2 buckler
rNeg     . . .     Faith    .   a - +0 robe
rPois    .         Spirit   .   (helmet restricted)
rElec    .         Reflect  .   m - +0 cloak (curse)
rCorr    .         Harm     .   y - +2 pair of gloves
MR       .....                  (boots unavailable)
Stlth    +.........             (no amulet)
HPRegen  0.16/turn              x - ring "Xano" {AC+1 Str+3 Int+2 Dex-5}
MPRegen  0.18/turn              (no ring)

@: confused, flying quickly and evasively, no casting, quick
A: beak, talons 3, mutation resistance 1, sense surroundings 1, able to fly 1
a: Stop Divine Energy, Renounce Religion


You were on level 8 of the Dungeon.
You worshipped Sif Muna.
Sif Muna was pleased with you.
You were not hungry.

You visited 2 branches of the dungeon, and saw 9 of its levels.

You collected 313 gold pieces.

Inventory:

Hand Weapons
 g - a +1 dagger of venom (weapon)
Armour
 a - a +0 robe (worn)
 m - a cursed +0 cloak (worn)
 u - a +2 buckler (worn)
 v - the +6 chain mail of the Pleiades {MR+ Str+4 Slay+2 Stlth+}
   (You found it on level 5 of the Dungeon)

   It affects your strength (+4).
   It affects your accuracy and damage with ranged weapons and melee attacks
   (+2).
   It affects your resistance to hostile enchantments.
   It makes you more stealthy.
 y - a +2 pair of gloves (worn)
Jewellery
 x - the ring "Xano" (left hand) {AC+1 Str+3 Int+2 Dex-5}
   (You found it on level 6 of the Dungeon)

   [ring of protection]

   It affects your AC (+1).
   It affects your strength (+3).
   It affects your intelligence (+2).
   It affects your dexterity (-5).
 C - a cursed amulet of inaccuracy {unknown}
Wands
 z - a wand of flame (46)
Scrolls
 b - 4 scrolls of amnesia {!r, unknown}
 f - 2 scrolls of noise {!r, unknown}
 i - 4 scrolls of remove curse {!r, unknown}
 k - 9 scrolls of identify {!r, unknown}
 o - 2 scrolls of fog {!r, unknown}
 p - 4 scrolls of teleportation {!r, unknown}
 q - 3 scrolls of fear {!r, unknown}
 s - a scroll of blinking {!r, unknown}
 B - a scroll of enchant weapon {!r, unknown}
Potions
 d - a potion of mutation {!q}
 e - a potion of agility {!q, unknown}
 h - a potion of ambrosia {!q}
 l - a potion of flight {!q, unknown}
 n - a potion of magic {!q, unknown}
 r - 2 potions of haste {!q}
 t - a potion of resistance {!q, unknown}
 w - 3 potions of curing {!q, unknown}
 A - a potion of might {!q, unknown}
 D - a potion of lignification {!q, unknown}
Comestibles
 c - 12 rations
 j - 11 chunks of flesh


   Skills:
 - Level 2.1 Fighting
 - Level 4.3 Dodging
 - Level 2.0 Stealth
 - Level 4.0 Shields
 + Level 8.3 Spellcasting
 - Level 1.3 Conjurations
 + Level 8.6 Air Magic


You had 17 spell levels left.
You knew the following spells:

 Your Spells              Type           Power        Failure   Level  Hunger
a - Airstrike             Air            #####.....   2%          4    ###....
b - Swiftness             Chrm/Air       ####....     1%          2    None
d - Shock                 Conj/Air       ####         1%          1    None


Dungeon Overview and Level Annotations

Branches:
Dungeon (8/15)             Temple (1/1) D:5
   Lair: D:8-11

Altars:
Ashenzari
Cheibriados
Dithmenos
Elyvilon
Fedhas
Gozag
Hepliaklqana
Kikubaaqudgha
Makhleb
Nemelex Xobeh
Okawaru
Qazlal
Ru
Sif Muna
Trog
Uskayaw
Vehumet
Wu Jian
Xom
Yredelemnul
Zin
The Shining One

Shops:
D:6 (

Annotations:
D:8 Joseph


Innate Abilities, Weirdness & Mutations

You have a beak for a mouth.
You have claws for feet.
You can fly.
You are somewhat resistant to further mutation.
You passively map a small area around you.


Message History

Level annotation: Joseph Joseph shoots a sling bullet.
The sling bullet hits you!
* * * LOW HITPOINT WARNING * * *
Okay, then.
You swoop lightly up into the air.
You feel very comfortable in the air.
You feel somewhat more hungry.
Joseph shoots a sling bullet.
The sling bullet misses you.
You hit Joseph but do no damage.
Joseph is lightly wounded.
Joseph shouts, "I love to fight!
I love killing!"
Joseph unwields an uncursed hunting sling.
Joseph wields an uncursed quarterstaff.
Joseph hits you but does no damage.
You hit Joseph.
Joseph is lightly wounded.
You hit Joseph.
Joseph is poisoned.
Joseph is lightly wounded.
Joseph says, "I'm happy to see you. And I'll be happy to kill you."
You block Joseph's attack.
Casting: Airstrike (safe; 2% risk of failure)
Confirm with . or Enter, or press ? or * to list all spells.
Aiming: Airstrike (safe; 2% risk of failure)
Press: ? - help, Dir - move target cursor, f - Joseph
Aim: Joseph, wielding a quarterstaff and wearing a glowing leather armour (lightly wounded, poisoned)
The air twists around and strikes Joseph!
Joseph is lightly wounded.
Sif Muna grants you divine energy.
You briefly lose access to your magic!
Joseph closely misses you.
You hit Joseph but do no damage. You claw Joseph.
Joseph is moderately wounded.
Joseph closely misses you.
You hit Joseph but do no damage.
Joseph looks as sick as possible!
Joseph is moderately wounded.
You block Joseph's attack.
You hit Joseph but do no damage. You peck Joseph, but do no damage.
Joseph is moderately wounded.
You regain access to your magic.
Joseph closely misses you.
Casting: Airstrike (safe; 2% risk of failure)
Confirm with . or Enter, or press ? or * to list all spells.
Aiming: Airstrike (safe; 2% risk of failure)
Press: ? - help, Dir - move target cursor, f/p - Joseph
Aim: Joseph, wielding a quarterstaff and wearing a glowing leather armour (moderately wounded, poisoned)
The air twists around and strikes Joseph!
Joseph is moderately wounded.
Sif Muna grants you divine energy.
You briefly lose access to your magic!
You block Joseph's attack.
You barely miss Joseph.
Joseph is heavily wounded.
Joseph hits you with an uncursed quarterstaff!!
* * * LOW HITPOINT WARNING * * *
You hit Joseph but do no damage.
Joseph looks as sick as possible!
Joseph is heavily wounded.
Joseph misses you.
Okay, then.
Really quaff
d - 2 sedimented coppery potions {!q}?
It was a potion of mutation {!q}.
You feel extremely strange.
You feel genetically stable.
You feel a strange attunement to the structure of the dungeons.
Really quaff
h - 2 sapphire potions {!q}?
It was a potion of ambrosia {!q}.
You are confused.
You feel invigorated.
Joseph hits you with an uncursed quarterstaff!
You die...

........###### *
......#.# * ,
#######[####... ,
................. , *
#@#######.####... , ..
#.# , #.## #.####
##..#####....# , ,
.......@....# *
,##.#####@...#########
, ##(.##.......(.......
, ,
+...(........<########
*
,###.##.#.............#
, #.##.#.###.....≈...#*
, #..#.#.#..[[..≈≈...+
##.#.#.#.#.....≈...# *
#...#.#.#.).....≈.###


You could see Joseph.

Vanquished Creatures
  Prince Ribbit (Temple)
  3 sky beasts
  An orc warrior (D:6)
  A phantom (D:4)
  A centaur (D:8)
  4 ogres
  Blork the orc (D:6)
  A scorpion (D:8)
  A howler monkey (D:5)
  5 crimson imps
  A bullfrog zombie (D:5)
  A centaur zombie (D:5)
  3 hounds
  A jelly (D:5)
  An orc priest (D:7)
  A centaur skeleton (D:6)
  An iguana (D:7)
  6 orc wizards
  3 worker ants
  A hound skeleton (D:4)
  A worker ant zombie (D:6)
  4 gnolls (D:5)
  11 adders
  A howler monkey skeleton (D:6)
  A shadow imp (D:5)
  3 oozes
  An adder skeleton (D:7)
  2 worms (D:3)
  3 dart slugs
  2 leopard geckos (D:1)
  21 orcs
  2 giant cockroaches
  10 goblins
  6 hobgoblins
  14 jackals
  6 kobolds
  3 quokkas
  3 ball pythons (D:2)
  6 bats
  6 frilled lizards
  A jackal zombie (D:5)
  2 leopard gecko skeletons
  8 rats
  A spectral orc (D:4)
156 creatures vanquished.

Notes
Turn   | Place    | Note
-------+----------+-------------------------------------------
     0 | D:1      | Amnesiac the Tengu Air Elementalist began the quest for the Orb.
     0 | D:1      | Reached XP level 1. HP: 10/10 MP: 4/4
   265 | D:1      | Reached XP level 2. HP: 15/15 MP: 0/6
   462 | D:1      | Reached skill level 5 in Air Magic
   528 | D:1      | Learned a level 2 spell: Swiftness
   544 | D:1      | Reached XP level 3. HP: 18/19 MP: 4/7
  1472 | D:2      | Reached XP level 4. HP: 23/24 MP: 9/9
  1478 | D:2      | Learned a level 4 spell: Airstrike
  2000 | D:3      | Gained mutation: You can fly. [Tengu growth]
  2000 | D:3      | Reached XP level 5. HP: 28/28 MP: 4/10
  2537 | D:3      | Found a snail-covered altar of Cheibriados.
  2851 | D:4      | Noticed a phantom
  2859 | D:4      | Killed a phantom
  2859 | D:4      | Reached XP level 6. HP: 32/32 MP: 0/12
  3060 | D:4      | Found a white marble altar of Elyvilon.
  3336 | D:4      | Found a basalt altar of Yredelemnul.
  3464 | D:4      | Reached skill level 1 in Fighting
  3464 | D:4      | Reached XP level 7. HP: 38/38 MP: 2/14
  3598 | D:5      | Entered Level 5 of the Dungeon
  3605 | D:5      | Reached skill level 1 in Shields
  3615 | D:5      | Got a spiked chain mail
  3626 | D:5      | Identified the +6 chain mail of the Pleiades {MR+ Str+4 Slay+2 Stlth+} (You found it on level 5 of the Dungeon)
  3688 | D:5      | Found a staircase to the Ecumenical Temple.
  3693 | D:5      | Noticed Prince Ribbit
  3707 | Temple   | Entered the Ecumenical Temple
  3730 | Temple   | Killed Prince Ribbit
  3890 | Temple   | Became a worshipper of Sif Muna the Loreminder
  3917 | D:5      | Reached XP level 8. HP: 31/44 MP: 1/16
  4027 | D:5      | Reached skill level 5 in Spellcasting
  4205 | D:5      | Found a burning altar of Makhleb.
  4534 | D:5      | Found a stormy altar of Qazlal.
  4536 | D:5      | Found a radiant altar of Vehumet.
  4578 | D:6      | Found a shadowy altar of Dithmenos.
  4692 | D:6      | Reached * piety under Sif Muna
  4755 | D:6      | Noticed Blork the orc
  4817 | D:6      | Killed Blork the orc
  4823 | D:6      | Got a bound ivory ring
  4834 | D:6      | Identified the ring "Xano" {AC+1 Str+3 Int+2 Dex-5} (You found it on level 6 of the Dungeon)
  4868 | D:6      | Found Xaryocyo's Antique Weapon Boutique.
  4924 | D:6      | Reached XP level 9. HP: 48/48 MP: 0/20
  5214 | D:7      | Found a glowing silver altar of Zin.
  5365 | D:7      | Found a blossoming altar of Fedhas.
  5366 | D:7      | Found an ancient bone altar of Kikubaaqudgha.
  5455 | D:8      | Reached ** piety under Sif Muna
  5583 | D:8      | Noticed Joseph
  5629 | D:8      | Gained mutation: You are somewhat resistant to further mutation. [potion of mutation]
  5629 | D:8      | Gained mutation: You passively map a small area around you. [potion of mutation]
  5630 | D:8      | Slain by Joseph

Vault maps used:
D:1:      dpeg_arrival_castle, minmay_close_crescents
D:2:      st_stairs_7
D:3:      first_ration, kennysheep_slug_shrine
D:4:      yredelemnul_forgotten_temple_becter, grunt_ministairs_10,
          elyvilon_altar_1
D:5:      minitemple, bloody_makhleb, minmay_temple_entry_overgrown,
          uniq_prince_ribbit1
D:6:      grunt_dithmenos_smoke, serial_shops, kennysheep_little_box,
          st_stairs_6, uniq_blork_the_orc
D:7:      lemuel_round_altar, grunt_temple_overflow_growth_and_decay
D:8:      uniq_joseph, uniq_psyche
Temple:   eino_narrow_crystal_temple

Skill      XL: |  1  2  3  4  5  6  7  8  9 |
---------------+----------------------------+-----
Air Magic      | 5 6 7 8 |  8.6
Spellcasting   | 3 4 7 8 |  8.3
Fighting       | 1 2 |  2.1
Dodging        | 3 4 |  4.3
Shields        | 2 4 |  4.0
Stealth        | |  2.0
Conjurations   | |  1.3

Action                   |  1- 3 |  4- 6 |  7- 9 || total
-------------------------+-------+-------+-------++-------
Melee: Unarmed           |    22 |       |       ||    22
       Peck              |     5 |     5 |     5 ||    15
       Kick              |     8 |     9 |    19 ||    36
       Dagger            |    24 |    54 |    52 ||   130
 Cast: Shock             |    65 |   100 |    73 ||   238
       Airstrike         |       |     2 |    61 ||    63
Invok: Divine Energy     |       |       |     1 ||     1
 Abil: Fly               |       |       |     1 ||     1
  Use: Potion            |       |       |     2 ||     2
 Stab: Sleeping          |     1 |     4 |       ||     5
  Eat: Chunk             |     3 |     6 |    14 ||    23
Armor: Robe              |    15 |    17 |    18 ||    50
Dodge: Dodged            |    50 |    38 |    44 ||   132
Block: Buckler           |       |       |    21 ||    21

Table legend:
 A = Spawn XP
 B = Non-spawn XP
 C = Spawn XP percentage of total XP
 D = Spawn monster count
 E = Non-spawn monster count
 F = Spawn count percentage of total count
 G = Total turns spent on level
                    A         B        C        D         E        F      G
               +---------+---------+-------+---------+---------+-------+---------
         Total |       0 |    3181 |   0.0 |       0 |     156 |   0.0 |  5630
               +---------+---------+-------+---------+---------+-------+---------
           D:1 |       0 |      59 |   0.0 |       0 |      32 |   0.0 |  1371
           D:2 |       0 |      87 |   0.0 |       0 |      15 |   0.0 |   605
           D:3 |       0 |     143 |   0.0 |       0 |      34 |   0.0 |   850
           D:4 |       0 |     405 |   0.0 |       0 |      15 |   0.0 |   772
           D:5 |       0 |     577 |   0.0 |       0 |      24 |   0.0 |   771
           D:6 |       0 |     808 |   0.0 |       0 |      17 |   0.0 |   468
           D:7 |       0 |     397 |   0.0 |       0 |       9 |   0.0 |   433
           D:8 |       0 |     409 |   0.0 |       0 |       9 |   0.0 |   161
        Temple |       0 |     296 |   0.0 |       0 |       1 |   0.0 |   199
               +---------+---------+-------+---------+---------+-------+---------
